 Dungeon Crawl Stone Soup version 0.30-a0-808-g6e0788376e (webtiles) character file.

Game seed: 6189691250839955897

22841 cheesebisquit the Nimble (level 13, -3/127 HPs)
             Began as a Merfolk Gladiator on Feb 26, 2023.
             Was a Priest of Dithmenos.
             Killed from afar by a raiju (9 damage)
             ... with a living lightning
             ... on level 2 of the Abyss.
             The game lasted 01:07:26 (16221 turns).

cheesebisquit the Nimble (Merfolk Gladiator)       Turns: 16221, Time: 01:07:27

Health: -3/127     AC: 26    Str: 21      XL:     13   Next: 2%
Magic:  13/13      EV:  2    Int:  7 (8)  God:    Dithmenos [***...]
Gold:   1223       SH:  0    Dex: 19      Spells: 12/12 levels left

rFire   . . .      SeeInvis .    (no weapon)
rCold   . . .      Faith    .    (no shield)
rNeg    + . .      Spirit   .    (body armour currently unavailable)
rPois   +          Reflect  .    (helmet currently unavailable)
rElec   .          Harm     .    (cloak currently unavailable)
rCorr   .          Rampage  .    (gloves currently unavailable)
Will    .....      Rage     9%   (boots currently unavailable)
Stlth   +++        NoTele   +    (no amulet)
HPRegen 0.41/turn                x - ring of positive energy
MPRegen 0.13/turn                n - +6 ring of strength

@: confused, tree-form, on berserk cooldown, slowed, wreathed by umbra,
silenced, invisible, very slow
A: stationary, stasis, torment immunity, boosted hp, (nimble swimmer 2),
(mertail), [berserk 2], ([deformed body]), [deterioration 2], [frail 2],
[subdued magic 2]
a: Renounce Religion


You were on level 2 of the Abyss.
You worshipped Dithmenos.
Dithmenos was most pleased with you.
You were a tree.
You visited 2 branches of the dungeon, and saw 13 of its levels.
You visited the Abyss 1 time.
You also visited: Ossuary.

You collected 1223 gold pieces.

Inventory:

Hand Weapons
 a - a +5 heavy rapier
 z - a +1 long sword of protection
 F - a +2 scimitar of holy wrath
 L - a +4 short sword of freezing
Missiles
 g - 12 javelins
 u - 8 boomerangs (quivered)
 K - 23 poisoned darts
Armour
 b - a +3 leather armour (melded)
 d - a +2 ring mail of poison resistance
 h - a +2 helmet (melded)
 o - a +2 pair of gloves (melded)
 p - a +2 pair of boots (melded)
Jewellery
 e - an amulet of the acrobat
 j - an amulet of regeneration
 n - a +6 ring of strength (right branch)
 t - a ring of wizardry
 x - a ring of positive energy (left branch)
 y - a ring of wizardry
 R - an amulet of magic regeneration
Wands
 m - a wand of roots (6)
 O - a wand of flame (4)
 Q - a wand of quicksilver (5)
Scrolls
 i - 10 scrolls of teleportation
 k - 5 scrolls of immolation
 r - 5 scrolls of noise
 v - 2 scrolls of poison
 w - a scroll of butterflies
 D - a scroll of torment
 E - a scroll of amnesia
 G - a scroll of magic mapping {unknown}
 J - 3 scrolls of silence
 M - a scroll of fog {unknown}
 N - 2 scrolls of fear {unknown}
Potions
 c - 4 potions of brilliance
 f - 2 potions of berserk rage
 l - 3 potions of lignification
 q - 4 potions of attraction
 s - a potion of magic
 B - a potion of flight
 C - 6 potions of mutation


   Skills:
 + Level 11.8 Fighting
 - Level 14.0 Short Blades
 - Level 2.0 Throwing
 + Level 14.2 Dodging
 + Level 12.4 Stealth


You had 12 spell levels left.
You didn't know any spells.
Your spell library contained the following spells:

 Spells                   Type           Power      Damage    Failure   Level
 Kiss of Death            Conj/Necr      0%         2d5       34%         1
 Magic Dart               Conj           0%         1d3       34%         1
 Call Imp                 Summ           0%         N/A       47%         2
 Cigotuvi's Dreadful Rot  Necr/Pois/Air  0%         N/A       47%         2
 Poisonous Vapours        Pois/Air       0%         N/A       47%         2
 Confusing Touch          Hex            0%         N/A       73%         3
 Mephitic Cloud           Conj/Pois/Air  0%         N/A       73%         3
 Dispel Undead            Necr           0%         3d6       99%         4
 Borgnjor's Revivificati  Necr           0%         N/A       100%        8
 Necromutation            Tmut/Necr      0%         N/A       100%        8
 Death's Door             Necr           0%         N/A       100%        9


Dungeon Overview and Level Annotations

Branches:
Dungeon (12/15)            Temple (1/1) D:6            Lair (0/5) D:11
    Orc (0/2) D:11        Ossuary (visited)

Altars:
Ashenzari
Cheibriados
Dithmenos
Elyvilon
Fedhas
Gozag
Hepliaklqana
Kikubaaqudgha
Makhleb
Nemelex Xobeh
Okawaru
Qazlal
Ru
Sif Muna
Trog
Uskayaw
Vehumet
Wu Jian
Xom
Yredelemnul
Zin
The Shining One

Portals:
Trove: D:10 (give +6 demon blade)

Annotations:
D:4 3 runed translucent doors, IdlyInterested's ghost, amateur OpGl; Palms's ghost, amateur AtWr; cforsyth's ghost, amateur KoBr; hgbash's ghost, amateur SpVM; runemasterragnar's ghost, novice GrRe
D:9 exclusion: ice statue
D:11 exclusion: orange crystal statue
D:12 Nergalle; Sonja


Innate Abilities, Weirdness & Mutations

You are a tree.
Your roots penetrate the ground, keeping you stationary.
You cannot be teleported.
You are immune to unholy pain and torment.
Your maximum health is greatly increased.
Your equipment is partially melded.
((You are very nimble when in or above water. (Stealth+, EV+, Speed+++)))
((Your lower body shifts to a powerful aquatic tail in water.))
[You have an uncontrollable temper.]
[((Armour fits poorly on your strangely shaped body.))]
[Your body often deteriorates upon taking damage.]
[You are very frail. (-20% HP)]
[Your spells are easier to cast, but less powerful.]


Message History

The golden eye blinks at you.
You are more confused.
The golden eye blinks at you.
You easily resist.
Okay, then.
You attack the stone wall.
You feel less wooden.
Your +2 helmet unmelds from your body.
Your +2 pair of gloves unmelds from your body.
Your +2 pair of boots unmelds from your body.
Your +3 leather armour unmelds from your body.
The golden eye blinks at you. You resist with almost no effort.
The raiju barely misses you. The golden eye blinks at you.
You are more confused.
The golden eye blinks at you. The raiju bites you but does no damage.
You fade into invisibility!
The golden eye blinks at you. x2
You are more confused.
The raiju bursts into living lightning!
The living lightning hits you!
* * * LOW HITPOINT WARNING * * *
Your body deteriorates!
You feel dopey.
The raiju blinks!
The golden eye blinks at you. x2
You are too confused!
Really quaff the potion of lignification?
You turn into a tree.
Your +2 helmet melds into your body.
Your +2 pair of gloves melds into your body.
Your +2 pair of boots melds into your body.
Your +3 leather armour melds into your body.
Your roots penetrate the ground.
The raiju bites you but does no damage. The golden eye blinks at you.
The raiju bites you but does no damage.
The golden eye blinks! x2
You closely miss the raiju.
The raiju is severely wounded.
The raiju bursts into living lightning!
The living lightning hits you!
You die...

### #..#
#.#..#
#......###
## #GG§h♣#
# .#
#...##...#
#..## #
#.#.# #. #
...# . #.
#.# .#..#
.# . ##.#
.. # ## .
# .#


You could see a raiju (unsilenced) and 2 golden eyes.

Vanquished Creatures
  4 two-headed ogres
  A centaur warrior (D:9)
  A wretched star (Abyss:2)
  Lodul (D:12)
  A harpy (D:9)
  An orc knight (D:9)
  4 manticores
  3 cyclopes
  An ugly thing (D:9)
  A large abomination (Abyss:1)
  Psyche (D:9)
  An unseen horror (D:10)
  6 trolls
  A raiju (Abyss:1)
  2 hornets (D:9)
  3 slime creatures
  A vampire (D:9)
  A wraith (D:9)
  26 yaks
  A golden eye (Abyss:2)
  4 acid dragons
  3 water moccasins
  10 orc warriors
  An ice beast (D:7)
  2 black bears
  5 ogres
  12 centaurs
  3 wolves (D:11)
  2 kobold brigands (D:9)
  5 bullfrogs
  Blork the orc (D:5)
  2 necrophages (D:6)
  2 gnoll sergeants
  8 scorpions
  4 wights
  7 killer bees
  6 howler monkeys
  2 electric eels (D:11)
  4 centaur zombies (Ossuary)
  A crimson imp (Abyss:1)
  A jelly (D:6)
  A gnoll bouda (D:9)
  8 hounds
  2 human zombies (Ossuary)
  9 orc priests
  An iguana (D:6)
  2 iron imps (Abyss:1)
  Natasha (thrice) (D:2)
  26 orc wizards
  4 scorpion zombies (Ossuary)
  3 mummies (Ossuary)
  5 gnolls (D:11)
  10 adders
  A shadow imp (D:5)
  A worm (D:2)
  A dart slug (D:5)
  38 orcs
  6 endoplasms
  6 giant cockroaches
  A gnoll zombie (Ossuary)
  7 goblins
  5 hobgoblins
  4 jackals (D:1)
  9 kobolds
  4 quokkas
  7 ball pythons
  2 bats (D:1)
  4 frilled lizards
  3 hobgoblin zombies (Ossuary)
  2 kobold zombies (Ossuary)
  4 rats
325 creatures vanquished.

Vanquished Creatures (others)
  A manticore (D:9)
  An orc priest (D:9)
  50 plants
52 creatures vanquished.

Grand Total: 377 creatures vanquished

Notes
Turn   | Place    | Note
-------+----------+-------------------------------------------
     0 | D:1      | cheesebisquit the Merfolk Gladiator began the quest for the
                  | Orb.
     0 | D:1      | Reached XP level 1. HP: 16/16 MP: 1/1
    36 | D:1      | Found a faded altar of an unknown god.
   122 | D:1      | Reached XP level 2. HP: 21/23 MP: 2/2
   257 | D:1      | Reached skill level 1 in Stealth
   343 | D:1      | Reached XP level 3. HP: 28/28 MP: 3/3
  1236 | D:2      | Noticed Natasha
  1294 | D:2      | Killed Natasha
  1295 | D:2      | Reached XP level 4. HP: 34/34 MP: 4/4
  1750 | D:2      | Noticed Natasha
  1756 | D:2      | Killed Natasha
  1757 | D:2      | Reached skill level 5 in Short Blades
  1763 | D:2      | Noticed Natasha
  1772 | D:2      | Killed Natasha
  1773 | D:2      | Reached XP level 5. HP: 41/41 MP: 5/5
  1823 | D:2      | Reached skill level 5 in Dodging
  2267 | D:3      | Reached XP level 6. HP: 47/47 MP: 6/6
  2978 | D:4      | Found a runed translucent gate.
  2995 | D:4      | Found a runed translucent gate.
  2996 | D:4      | Found a runed translucent gate.
  3193 | D:4      | Noticed IdlyInterested's ghost (amateur OpGl)
  3194 | D:4      | Noticed Palms's ghost (amateur AtWr)
  3194 | D:4      | Noticed cforsyth's ghost (amateur KoBr)
  3194 | D:4      | Noticed runemasterragnar's ghost (novice GrRe)
  3194 | D:4      | Noticed hgbash's ghost (amateur SpVM)
  3543 | D:5      | Entered Level 5 of the Dungeon
  3597 | D:5      | Found a sand-covered staircase.
  3604 | Ossuary  | Entered an ossuary
  3661 | Ossuary  | Reached XP level 7. HP: 53/54 MP: 7/7
  3821 | Ossuary  | Reached XP level 8. HP: 58/61 MP: 8/8
  3898 | Ossuary  | Reached skill level 5 in Fighting
  4497 | D:5      | Noticed Blork the orc
  4506 | D:5      | Killed Blork the orc
  4507 | D:5      | Reached skill level 5 in Stealth
  4921 | D:6      | Identified the +5 trident of Resumed Hostilities {spect,
                  | rF+ rCorr MP-9 Str+4}
  5114 | D:6      | Found a staircase to the Ecumenical Temple.
  5123 | Temple   | Entered the Ecumenical Temple
  5315 | D:6      | Reached XP level 9. HP: 69/69 MP: 9/9
  6204 | D:7      | Reached skill level 10 in Short Blades
  6659 | D:7      | Found a shadowy altar of Dithmenos.
  6659 | D:7      | Found a white marble altar of Elyvilon.
  6663 | D:7      | Became a worshipper of Dithmenos the Shadowed
  7402 | D:8      | Reached XP level 10. HP: 64/79 MP: 10/10
  8358 | D:9      | Noticed Psyche
  8365 | D:9      | Killed Psyche
  8366 | D:9      | Reached skill level 10 in Dodging
  8445 | D:9      | Reached * piety under Dithmenos
  8677 | D:9      | Reached XP level 11. HP: 87/87 MP: 11/11
  8758 | D:9      | Noticed a two-headed ogre
  8770 | D:9      | Killed a two-headed ogre
  8784 | D:9      | Noticed a two-headed ogre
  9018 | D:9      | Noticed a two-headed ogre
  9026 | D:9      | Killed a two-headed ogre
  9177 | D:9      | Paralysed by a hornet for 2 turns
  9186 | D:9      | Paralysed by a hornet for 3 turns
  9501 | D:9      | Noticed a manticore
  9501 | D:9      | Noticed a green ugly thing
  9572 | D:9      | Killed a green ugly thing
  9880 | D:9      | Noticed a centaur warrior
  9900 | D:9      | Killed a centaur warrior
 10332 | D:9      | Noticed a harpy
 10349 | D:9      | Killed a harpy
 10414 | D:9      | Noticed an orc knight
 10509 | D:9      | Killed an orc knight
 10905 | D:9      | Killed a two-headed ogre
 10906 | D:9      | Reached skill level 10 in Stealth
 10975 | D:9      | Noticed a cyclops
 11002 | D:9      | Killed a cyclops
 11049 | D:9      | Noticed a manticore
 11066 | D:9      | Killed a manticore
 11067 | D:9      | Reached skill level 10 in Fighting
 11067 | D:9      | Reached XP level 12. HP: 68/97 MP: 12/12
 11086 | D:9      | Reached ** piety under Dithmenos
 11820 | D:10     | Entered Level 10 of the Dungeon
 12003 | D:10     | Found a portal to a secret trove of treasure.
 12114 | D:10     | Noticed a two-headed ogre
 12121 | D:10     | Killed a two-headed ogre
 13427 | D:11     | Found a staircase to the Lair.
 13845 | D:11     | Found a staircase to the Orcish Mines.
 15516 | D:12     | Noticed Lodul
 15536 | D:12     | Killed Lodul
 15686 | D:12     | Noticed Sonja
 15687 | D:12     | Noticed Nergalle
 15928 | D:12     | Reached *** piety under Dithmenos
 15932 | Abyss:1  | Cast into level 1 of the Abyss (Sonja)
 16042 | Abyss:1  | Noticed a bone dragon
 16078 | Abyss:1  | Noticed a wretched star
 16091 | Abyss:1  | Noticed a green very ugly thing
 16095 | Abyss:1  | Noticed a green very ugly thing
 16095 | Abyss:1  | Noticed a green very ugly thing
 16098 | Abyss:1  | Noticed a wretched star
 16107 | Abyss:1  | Noticed a green very ugly thing
 16163 | Abyss:2  | Noticed a bone dragon
 16177 | Abyss:2  | Noticed a wretched star
 16193 | Abyss:2  | Killed a wretched star
 16194 | Abyss:2  | Reached XP level 13. HP: 66/85 MP: 13/13
 16219 | Abyss:2  | HP: 3/85 [raiju/living lightning (10)]
 16221 | Abyss:2  | Killed from afar by a raiju

Illustrated notes

Levels and vault maps discovered:
D:1:      amcnicky_arrival_gap_in_the_tavern_cellar, layout_rooms, serial_bayou,
          serial_bayou_pond_d, serial_bayou_shore_a, serial_bayou_lagoon_a,
          serial_bayou_pond_d, hellmonk_ecumenical_altar_arch_garden
D:2:      layout_loops_corners, minmay_stone_trees_small, uniq_natasha
D:3:      layout_basic, kennysheep_generic_room_12
D:4:      layout_rooms, gammafunk_ghost_cemetery
D:5:      layout_gridville, enter_ossuary_1, uniq_blork_the_orc
D:6:      layout_basic, temple_fountains, hex_large, minmay_crossroads
D:7:      layout_basic, gammafunk_temple_overflow_wave,
          nicolae_figureground_pulse
D:8:      layout_basic
D:9:      nzn_winding_woodlands_large [nzn_winding_woodlands_hourglass,
          nzn_winding_woodlands_5x15_eye, nzn_winding_woodlands_5x5_default,
          nzn_winding_woodlands_center_lodge,
          nzn_winding_woodlands_15x15_five_gardens,
          nzn_winding_woodlands_center_pierced_h,
          nzn_winding_woodlands_5x5_open_star, nzn_winding_woodlands_5x15_cabin,
          nzn_winding_woodlands_5x5_closed_star], layout_loops_corners,
          minivault_15, hellmonk_bongcloud_opening, uniq_psyche
D:10:     layout_basic, nicolae_trove_entry_columns
D:11:     layout_loops_ring, erik_lair_island, orc_0_dummy, minivault_16
D:12:     layout_loops_ring, uniq_erolcha, uniq_nergalle, uniq_lodul, uniq_sonja
Temple:   nicolae_temple_bog_church
Abyss:2:  base:
D:12

Skill      XL: |  1  2  3  4  5  6  7  8  9 10 11 12 |
---------------+-------------------------------------+-----
Short Blades   | 4 5 6 7 9 11 12 14 | 14.0
Stealth        | 1 2 3 4 5 7 8 10 12 | 12.4
Fighting       | 3 4 5 7 8 10 11 | 11.8
Dodging        | 5 6 7 9 10 12 14 | 14.2
Throwing       | |  2.0

Action                     |  1- 3 |  4- 6 |  7- 9 | 10-12 | 13-15 || total
---------------------------+-------+-------+-------+-------+-------++-------
  Melee: Rapier            |   100 |   235 |   243 |   697 |       ||  1275
         Punch             |       |     3 |     3 |    13 |       ||    19
         Unarmed           |       |       |       |     2 |    11 ||    13
  Throw: Throwing net      |       |     3 |     4 |     1 |       ||     8
         Javelin           |       |       |    20 |    12 |       ||    32
         Boomerang         |       |       |       |    34 |       ||    34
 Invoke: Shadow Step       |       |       |       |     1 |       ||     1
    Use: Potion            |       |     1 |     4 |    11 |     2 ||    18
         Scroll            |       |    15 |     5 |    15 |       ||    35
   Stab: Sleeping          |     3 |     4 |    13 |    18 |       ||    38
         Held in net/web   |       |     2 |     2 |     1 |       ||     5
         Distracted        |       |     1 |     1 |    11 |       ||    13
 Armour: Leather armour    |    22 |   114 |   130 |   158 |     1 ||   425
         Skin              |       |       |       |       |    12 ||    12
  Dodge: Dodged            |    53 |   150 |   252 |   611 |     2 ||  1068

Table legend: (Time is in decaauts)
 A = Elapsed time spent in this place.
 B = Non-inter-level travel time spent in this place.
 C = Inter-level travel time spent in this place.
 D = Time resting spent in this place.
 E = Time spent auto-exploring this place.
 F = Levels seen in this place.
 G = Mean time per level.
                   A        B        C        D        E       F      G
               +--------+--------+--------+--------+--------+-----+--------+
         Total |  16038 |  14743 |   1295 |   2191 |   8915 |  16 | 1002.4 |
       Dungeon |  15253 |  13972 |   1281 |   2181 |   8714 |  12 | 1271.1 |
        Temple |    102 |     89 |     13 |      0 |     69 |   1 |  102.0 |
         Abyss |    278 |    278 |      0 |      0 |      0 |   2 |  139.0 |
       Ossuary |    404 |    404 |      0 |     10 |    131 |   1 |  404.0 |
               +--------+--------+--------+--------+--------+-----+--------+

Top non-repeatable levels by time:
     D:9: 3151 daAuts
     D:8: 1985 daAuts
    D:11: 1871 daAuts
    D:10: 1176 daAuts
     D:2: 1095 daAuts
     D:7: 1014 daAuts
     D:6: 912 daAuts
     D:3: 898 daAuts
     D:4: 833 daAuts
    D:12: 803 daAuts
     D:5: 772 daAuts
     D:1: 739 daAuts
 Ossuary: 404 daAuts
 Abyss:1: 173 daAuts
 Abyss:2: 105 daAuts
